 Dungeon Crawl Stone Soup version 0.32-a0-672-gff75c0dad8 (webtiles) character file.

Game seed: 5646023025403729339

395451 Jannitor the Warrior (level 22, -1/285 (307) HPs)
             Began as a Black Draconian Hexslinger on Mar 9, 2024.
             Was the Champion of Beogh.
             Slain by a balrug
             ... wielding a +1 demon whip of electrocution
             ... led by Koronagh the orc apostle
              (13 damage)
             ... on level 3 of the Elven Halls on Mar 10, 2024.
             The game lasted 01:48:28 (53887 turns).

Jannitor the Warrior (Black Draconian Hexslinger)  Turns: 53887, Time: 01:48:28

HP:   -1/285 (307)  AC: 34    Str: 11    XL:     22   Next: 17%
MP:   43/43         EV:  2    Int: 16    God:    Beogh [******]
Gold: 284           SH: 14    Dex: 22    Spells: 27/38 levels left

rFire   . . .        r - +16 obsidian axe {drain, demonic, Mesm ^Drain Fly SInv}
rCold   + . .        J - +0 kite shield {AC+3}
rNeg    . . .        (body armour unavailable)
rPois   +            (helmet currently unavailable)
rElec   .            q - melded +1 cloak "Ofivigg" {Str+2 Stlth+}
rCorr   +            I - melded +2 pair of gloves {Dex+3}
SInv    +            O - melded +1 pair of boots "Zikeasom" {*Corrode rPois Str+3}
Will    ++...        H - amulet of faith
Stlth   ++           N - ring "Riul" {Fly Will+ rCorr MP+9}
HPRegen 0.67/turn    S - ring of protection from cold
MPRegen 0.28/turn

%: faith
@: tree-form, mesmerised, hasted, studying 2 skills, drained, very quick
A: stationary, stasis, torment immunity, boosted hp, walk on water, (galvanic
breath), AC +11, unfitting armour, (big wings), (electricity resistance),
(cold-blooded)
}: 2/15 runes: decaying, serpentine
a: Renounce Religion, Smiting, Recall Apostles, Blood for Blood, Dismiss
Garbold, warrior, Dismiss Wargath, wizard, Dismiss Rocco, warrior


You were on level 3 of the Elven Halls.
You worshipped Beogh.
Beogh was exalted by your worship.
You were a tree.
You visited 7 branches of the dungeon, and saw 37 of its levels.
You visited 1 bazaar.
You also visited: Ossuary, Gauntlet, Ice Cave and Desolation.

You collected 5732 gold pieces.
You spent 5448 gold pieces at shops.

Inventory:

Hand Weapons
 k - a +9 broad axe of flaming
 r - the +16 obsidian axe (weapon) {drain, demonic, Mesm ^Drain Fly SInv}
   (You bought it in a shop on level 10 of the Dungeon)

   Mesm:      Its wielder is mesmerised by any visible foes, and it cannot be
   unequipped while any foes are visible.
   SInv:      It lets you see invisible.
   Fly:       It grants you flight.
   ^Drain:    It drains your maximum health when unequipped.
Armour
 q - the +1 cloak "Ofivigg" (melded) {Str+2 Stlth+}
   (You bought it in a shop on level 13 of the Dungeon)

   Str+2:     It affects your strength (+2).
   Stlth+:    It makes you more stealthy.
 I - a +2 pair of gloves of dexterity (melded)
 J - a +0 kite shield of protection (worn)
 O - the +1 pair of boots "Zikeasom" (melded) {*Corrode rPois Str+3}
   (You found it on level 11 of the Dungeon)

   Str+3:     It affects your strength (+3).
   rPois:     It protects you from poison.
   *Corrode:  It may corrode you when you take damage.
 Z - the +0 pair of gloves "Amaocheu" {Regen+ Int+5}
   (You found it in a Gauntlet)

   Int+5:     It affects your intelligence (+5).
   Regen+:    It increases your rate of health regeneration.
Jewellery
 e - a ring of poison resistance
 v - a ring of protection from fire
 H - an amulet of faith (around neck)
 N - the ring "Riul" (left branch) {Fly Will+ rCorr MP+9}
   (You found it in the Desolation of Salt)

   [ring of flight]

   Will+:     It increases your willpower.
   MP+9:      It affects your magic capacity (+9).
   Fly:       It grants you flight.
   rCorr:     It protects you from acid and corrosion.
 S - a ring of protection from cold (right branch)
Talismans
 A - a maw talisman (active)
 D - a granite talisman
Wands
 b - a wand of light (22)
 B - a wand of flame (93)
 C - a wand of polymorph (35)
 M - a wand of paralysis (34)
 P - a wand of digging (20)
 R - a wand of iceblast (39)
 Y - a wand of mindburst (38)
Scrolls
 d - 6 scrolls of vulnerability
 f - 5 scrolls of fear
 h - 7 scrolls of teleportation
 j - 2 scrolls of revelation
 l - 7 scrolls of immolation
 n - 3 scrolls of blinking
 o - 2 scrolls of torment
 p - 5 scrolls of summoning
 s - 5 scrolls of silence
 x - 4 scrolls of noise
 y - 4 scrolls of enchant armour
 F - 5 scrolls of poison
 G - 6 scrolls of fog
 W - 5 scrolls of brand weapon
Potions
 a - 5 potions of enlightenment
 c - 4 potions of mutation
 g - 2 potions of brilliance
 i - 6 potions of haste
 t - 12 potions of curing
 u - 2 potions of ambrosia
 w - 8 potions of attraction
 z - 8 potions of lignification
 E - 4 potions of resistance
 T - 2 potions of cancellation
 V - 2 potions of magic
 X - 4 potions of invisibility
Miscellaneous
 m - a lightning rod (4/4)
 K - a sack of spiders
 L - a phial of floods
 Q - a phantom mirror
 U - a condenser vane


   Skills:
 + Level 19.0 Fighting
 - Level 3.2 Short Blades
 + Level 14.0(15.3) Axes
 - Level 8.6(12.4) Maces & Flails
 - Level 5.0(10.4) Polearms
 - Level 5.2 Ranged Weapons
 + Level 16.0 Dodging
 + Level 13.6 Shields
 - Level 8.8 Spellcasting
 - Level 5.8 Hexes
 - Level 6.5 Necromancy
 - Level 1.0 Fire Magic
 + Level 13.6 Invocations
 + Level 10.7 Evocations
 + Level 15.5 Shapeshifting


You had 27 spell levels left.
You knew the following spells:

 Your Spells              Type           Power      Damage    Failure   Level
a - Fugue of the Fallen   Necr           27%        N/A       4%          3
b - Anguish               Hex/Necr       13%        N/A       19%         4
c - Cause Fear            Hex            12%        N/A       21%         4

Your spell library contained the following spells:

 Spells                   Type           Power      Damage    Failure   Level
 Necrotise                Necr           100%       1d9       1%          1
 Sublimation of Blood     Necr           27%        N/A       2%          2
 Jinxbite                 Hex            50%        N/A       3%          2
 Sigil of Binding         Hex            25%        N/A       6%          3
 Tukima's Dance           Hex            25%        N/A       6%          3
 Ensorcelled Hibernation  Hex/Ice        32%        N/A       11%         2
 Cigotuvi's Dreadful Rot  Necr/Alch/Air  28%        N/A       14%         2
 Inner Flame              Hex/Fire       18%        N/A       17%         3
 Dazzling Flash           Conj/Hex       32%        N/A       21%         3
 Apportation              Tloc           14%        N/A       22%         1
 Magic Dart               Conj           28%        1d4       22%         1
 Sandblast                Erth           14%        2d6       22%         1
 Sting                    Conj/Alch      28%        1d4       22%         1
 Summon Small Mammal      Summ           28%        N/A       22%         1
 Call Imp                 Summ           14%        N/A       34%         2
 Searing Ray              Conj           14%        2d5       34%         2
 Static Discharge         Conj/Air       14%        3-4/arc   34%         2
 Volatile Blastmotes      Fire/Tloc      16%        2d11      50%         3
 Call Canine Familiar     Summ           7%         N/A       56%         3
 Gell's Gravitas          Tloc           7%         N/A       56%         3
 Hailstorm                Conj/Ice       7%         3d5       56%         3
 Passwall                 Erth           7%         N/A       56%         3
 Stone Arrow              Conj/Erth      14%        3d7       56%         3
 Summon Ice Beast         Ice/Summ       7%         N/A       56%         3
 Teleport Other           Tloc           7%         N/A       56%         3
 Dimensional Bullseye     Hex/Tloc       8%         N/A       56%         4
 Borgnjor's Vile Clutch   Necr/Erth      8%         N/A       86%         5
 Ignite Poison            Fire/Alch      8%         N/A       88%         4
 Summon Blazeheart Golem  Fire/Summ      8%         N/A       88%         4
 Airstrike                Air            3%         2d(1-17)  92%         4
 Brom's Barrelling Bould  Conj/Erth      7%         2d3       92%         4
 Fulminant Prism          Conj/Alch      3%         3d5       92%         4
 Iskenderun's Mystic Bla  Conj/Tloc      7%         2d4       92%         4
 Olgreb's Toxic Radiance  Alch           7%         N/A       92%         4
 Petrify                  Alch/Erth      7%         N/A       92%         4
 Alistair's Intoxication  Alch           4%         N/A       99%         5
 Freezing Cloud           Conj/Ice/Air   3%         6-21      99%         5
 Irradiate                Conj/Alch      3%         3d12      99%         5
 Iskenderun's Battlesphe  Conj           7%         2d6       99%         5
 Lee's Rapid Deconstruct  Erth           3%         3d5*      99%         5
 Bombard                  Conj/Erth      3%         9d1       100%        6
 Dispersal                Tloc           3%         N/A       100%        6
 Sculpt Simulacrum        Ice/Alch       3%         N/A       100%        6
 Starburst                Conj/Fire      4%         6d3       100%        6
 Malign Gateway           Summ/Tloc      3%         N/A       100%        7
 Ozocubu's Refrigeration  Ice            3%         4d8       100%        7
 Spellforged Servitor     Conj/Summ      3%         N/A       100%        7
 Summon Hydra             Summ           3%         N/A       100%        7
 Discord                  Hex            12%        N/A       100%        8
 Maxwell's Capacitive Co  Air            3%         ∞         100%        8
 Summon Horrible Things   Summ           3%         N/A       100%        8
 Polar Vortex             Ice            3%         N/A       100%        9


Dungeon Overview and Level Annotations

Branches:
Dungeon (15/15)            Temple (0/1) D:6            Lair (5/5) D:11
  Swamp (4/4) Lair:3        Snake (4/4) Lair:2        Slime (0/5) Lair:5
    Orc (2/2) D:10            Elf (3/3) Orc:2        Vaults (4/5) D:14
  Crypt (0/3) Vaults:2     Depths (0/4) D:15        Ossuary (visited)
  IceCv (visited)         Desolation (visited)      Gauntlet (visited)

Altars:
Ashenzari
Cheibriados
Dithmenos
Gozag
Kikubaaqudgha
Nemelex Xobeh
Okawaru
Qazlal
Trog
Uskayaw
Vehumet
Wu Jian
Xom
Yredelemnul
Zin
The Shining One
Jiyva

Shops:
D:3 (   D:10 [(   D:13 [   Orc:2 !(*(   Elf:2 [   Snake:1 ?*!?   Snake:4 :
Vaults:1 !   Vaults:3 =   Vaults:4 *

Annotations:
D:4 Edmund
D:5 Blork the orc, Sigmund
D:12 2 transporters, grizmgrazm2's ghost, journeyman DrSh
D:13 2 transporters, Mousus6's ghost, adept DjHW
Lair:1 2 transporters


Innate Abilities, Weirdness & Mutations

You are a tree.
Your roots penetrate the ground, keeping you stationary.
You cannot be teleported.
You are immune to unholy pain and torment.
Your maximum health is greatly increased.
Your equipment is partially melded.
You can walk on water.
Your facial features are unmistakably orcish.
((You can breathe arcing electricity.))
((Your glossy black scales are hard. (AC +11)))
You cannot fit into any form of body armour.
((Your large and strong wings let you fly.))
((You are resistant to electric shocks. (rElec)))
((You are cold-blooded and may be slowed by cold attacks.))


Message History

Koronagh is moderately wounded.
You slice the balrug!!
Visions of slaying Koronagh flood into your mind.
Koronagh hits you but does no damage. The balrug hits you but does no damage.
Unknown command.
You miss Koronagh.
Koronagh is moderately wounded.
You slash the balrug! You block Koronagh's attack.
The balrug hits you but does no damage.
You are electrocuted!
* * * LOW HITPOINT WARNING * * *
Unknown command.
You closely miss Koronagh.
Koronagh is moderately wounded.
You slash the balrug! You block Koronagh's attack.
The balrug hits you but does no damage.
Unknown command.
You hit Koronagh but do no damage. You open a gate to Pandemonium!
A demon appears!
Koronagh is moderately wounded.
You slash the balrug! You block Koronagh's attack.
Unknown command.
You barely miss Koronagh.
Koronagh is moderately wounded.
You hit the balrug.
The balrug hits you with a +1 demon whip of electrocution.
* * * LOW HITPOINT WARNING * * *
You are engulfed in flames!!
* * * LOW HITPOINT WARNING * * *
You block Koronagh's attack.
You feel better.
Visions of slaying the balrug flood into your mind.
You block Koronagh's attack. The balrug hits you but does no damage.
You are electrocuted!
* * * LOW HITPOINT WARNING * * *
Unknown command.
You feel better.
Visions of slaying Koronagh flood into your mind.
Koronagh hits you but does no damage.
The balrug hits you with a +1 demon whip of electrocution!
You die...

#....)..#
##.....##
#.....# #'#####
#.# ####†####
#.......#
##.42....##
#..o♣.....#
.##.........##
..#...........#
!.#...........#
..#...........#
.###........?##
#.........#
#+.......##
#.......#


You could see a balrug (target of vengeance), Koronagh the orc apostle
(mesmerising, berserk, drained, ally target, divinely empowered, target of
vengeance) and a friendly ice devil (summoned).

Vanquished Creatures
  Mara (Swamp:4)
  Boris (Vaults:4)
  Nikola (Snake:3)
  2 sphinxes
  A deep elf blademaster (Elf:2)
  2 thorn hunters
  Aizul (Snake:1)
  Roxanne (Swamp:4)
  6 nagarajas
  Donald (Snake:2)
  A tengu reaver (Vaults:4)
  A shadow dragon (Vaults:4)
  2 fenstrider witches (Swamp:3)
  A deep elf sorcerer (Elf:1)
  6 vault wardens
  Louise (Snake:2)
  3 imperial myrmidons (Desolation)
  A very ugly thing (Vaults:4)
  7 ironbound preservers
  3 ironbound thunderhulks
  3 eleionomae
  2 deep elf death magi
  2 bunyips (Swamp:3)
  Azrael (Orc:2)
  2 deep elf annihilators
  A minotaur (Gauntlet)
  A halazid warlock (Desolation)
  2 dire elephants (Vaults:2)
  An ettin (Orc:2)
  Snorg (D:10)
  3 crystal guardians
  Josephine (Orc:1)
  5 ragged hierophants (Desolation)
  10 yaktaur captains
  A blizzard demon (IceCv)
  3 shambling mangroves (Swamp:3)
  5 great orbs of eyes (Vaults:4)
  4 servants of whispers (Desolation)
  Erolcha (D:13)
  11 hydras
  A rakshasa (D:15)
  3 vault guards
  3 peacekeepers
  2 entropy weavers
  Erica (D:10)
  6 centaur warriors
  3 ghost crabs
  3 ironbound frosthearts (Vaults:3)
  2 ogre magi
  5 boulder beetles
  A catoblepas (Lair:4)
  19 dancing weapons
  7 anacondas
  3 death yaks
  2 tengu warriors (D:13)
  A death knight (D:14)
  6 alligators
  9 two-headed ogres
  2 hell hogs
  2 shock serpents
  8 spriggans
  A soul eater (Gauntlet)
  9 naga sharpshooters
  An orc high priest (Elf:2)
  14 deep elf knights
  3 occultists
  Sonja (D:11)
  7 naga warriors
  An iron troll (Swamp:3)
  4 salamander mystics
  A skyshark (Lair:2)
  7 arcanists
  4 goliath frogs
  5 spriggan druids
  A sixfirhy (Vaults:2)
  26 deep trolls
  2 naga ritualists
  5 mana vipers
  9 swamp dragons
  3 bog bodies
  3 glowing orange brains
  An obsidian statue (IceCv)
  A spriggan simulacrum (IceCv)
  6 deep elf archers
  A mana viper (shapeshifter) (Vaults:1)
  3 thermic dynamos
  Pikel (D:6)
  A tengu zombie (Vaults:1)
  10 ironbound convokers
  A frost giant zombie (Vaults:1)
  6 cyclopes
  6 lindwurms
  21 deep elf pyromancers
  3 necromancers
  7 harpies
  17 deep elf zephyrmancers
  5 orc knights
  3 orc sorcerers
  9 ugly things
  2 manticores
  10 salamanders
  7 will-o-the-wisps
  A kobold blastminer (Orc:2)
  26 black mambas
  3 guardian serpents
  9 naga magi
  2 gargoyles
  7 vault sentinels
  8 cane toads
  A centaur skeleton (D:15)
  4 freezing wraiths
  A torpor snail (Lair:2)
  4 kobold demonologists
  3 rime drakes
  21 yaktaurs
  A yaktaur skeleton (Vaults:1)
  5 komodo dragons
  A golden dragon simulacrum (IceCv)
  5 ice devils (IceCv)
  A human skeleton (Vaults:1)
  6 trolls
  4 tyrant leeches
  8 polar bears
  2 blink frogs
  Grinder (D:5)
  An alligator simulacrum (Swamp:2)
  13 hornets
  3 dream sheep (Lair:5)
  22 saltlings (Desolation)
  5 raiju
  2 air elementals
  13 slime creatures
  4 centaur simulacra
  A shadow (D:10)
  A culicivora (shapeshifter) (Elf:2)
  3 wraiths
  2 wyverns
  A dire elephant simulacrum (IceCv)
  A ynoxinul (Snake:3)
  2 fire bats (Gauntlet)
  30 yaks
  A yak (shapeshifter) (Elf:3)
  Grum (D:11)
  5 vampire mosquitoes
  3 steam dragons
  4 minotaur simulacra
  6 redbacks
  7 wargs
  2 death yak simulacra (Lair:5)
  A harpy simulacrum (IceCv)
  25 nagas
  6 water moccasins
  12 swamp worms
  Duvessa (D:6)
  2 hydra simulacra (IceCv)
  5 hell hounds
  7 swamp drakes
  9 orc warriors
  An ettin simulacrum (IceCv)
  An ice beast (D:7)
  A sky beast (D:8)
  5 black bears
  17 ogres
  5 centaurs
  12 wolves
  A phantom (D:5)
  An elf zombie (Ossuary)
  2 lemures (D:6)
  4 kobold brigands
  4 bullfrogs
  4 scorpions
  6 deep troll simulacra (IceCv)
  4 wights (D:8)
  Dowan (D:6)
  8 killer bees (D:8)
  2 elephant simulacra (Lair:5)
  2 lindwurm simulacra (IceCv)
  2 electric eels (Elf:3)
  4 howler monkeys
  4 lava snakes (Lair:2)
  5 centaur zombies (Ossuary)
  A jelly (D:6)
  3 bombardier beetles
  A spectral scorpion (Ossuary)
  A gnoll bouda (D:7)
  3 hounds
  7 orc priests
  4 human zombies (Ossuary)
  4 iguanas
  A sleepcap (D:6)
  2 hell rats (Lair:5)
  15 orc wizards
  3 mummies (Ossuary)
  9 gnolls
  8 adders
  4 shadow imps
  A white imp (D:6)
  2 ufetubi (D:5)
  2 dart slugs
  37 orcs
  2 bats (D:2)
  5 endoplasms
  A giant cockroach (D:3)
  9 goblins
  5 hobgoblins
  4 jackals (D:4)
  27 kobolds
  2 quokkas (D:1)
  6 ball pythons
  A frilled lizard (D:3)
  5 rats
1016 creatures vanquished.

Vanquished Creatures (collateral kills)
  the Lernaean hydra (Swamp:4)
  Vashnia (Snake:3)
  A golden dragon (Vaults:2)
  A tentacled monstrosity (Swamp:3)
  Jorgrun (D:13)
  Mlioglotl (Swamp:4)
  3 sphinxes
  2 nagarajas (Snake:4)
  A fenstrider witch (Swamp:3)
  2 imperial myrmidons (Desolation)
  A deep elf sorcerer (Vaults:4)
  A balrug (Elf:3)
  3 vault wardens
  5 ironbound preservers
  The ghost of mn3067 the Brawler, a journeyman DrFi of Wu Jian (Orc:1)
  3 orc warlords
  4 formless jellyfish
  A very ugly thing (Vaults:1)
  An orc apostle (Swamp:4)
  3 ironbound thunderhulks
  2 eleionomae (Swamp:3)
  A deep elf annihilator (Elf:2)
  6 dire elephants
  A bunyip (Swamp:4)
  A war gargoyle (Vaults:2)
  2 crystal guardians (Vaults:3)
  A blizzard demon (IceCv)
  4 ragged hierophants (Desolation)
  2 yaktaur captains (Vaults:3)
  2 entropy weavers
  A vault guard (Vaults:1)
  3 great orbs of eyes
  9 hydras
  3 servants of whispers (Desolation)
  An ogre mage (Orc:2)
  2 peacekeepers (Desolation)
  A catoblepas (Lair:3)
  4 ironbound frosthearts
  2 alligators
  9 death yaks
  3 boulder beetles
  5 centaur warriors
  7 dancing weapons (Elf:2)
  8 anacondas
  6 two-headed ogres
  2 shock serpents
  9 naga sharpshooters
  13 naga warriors
  An orc high priest (Elf:2)
  A skyshark (Lair:3)
  8 deep elf knights
  A sixfirhy (Vaults:2)
  10 deep trolls
  2 goliath frogs (Swamp:1)
  2 salamander mystics
  Lodul (D:11)
  5 spriggan druids
  4 swamp dragons
  4 orc knights
  5 mana vipers
  3 naga ritualists
  A tengu zombie (Vaults:1)
  4 arcanists
  4 bog bodies
  3 lindwurms
  6 deep elf archers
  An ironbound convoker (Vaults:1)
  12 harpies
  4 spriggan simulacra
  2 thermic dynamos
  4 ugly things
  12 deep elf pyromancers
  9 deep elf zephyrmancers (Elf:1)
  An oklob plant (D:11)
  A manticore (D:14)
  2 necromancers (Vaults:1)
  2 will-o-the-wisps
  2 orc sorcerers
  6 cyclopes
  6 salamanders
  2 kobold blastminers
  A guardian serpent (Desolation)
  16 black mambas
  4 vault sentinels
  8 naga magi
  A torpor snail (Lair:5)
  An elf zombie (Vaults:1)
  3 cane toads
  A kobold demonologist (D:14)
  A freezing wraith (IceCv)
  19 yaktaurs
  3 komodo dragons
  6 ice devils (IceCv)
  4 anaconda simulacra (IceCv)
  A golden dragon simulacrum (IceCv)
  A yaktaur skeleton (Vaults:1)
  5 polar bears
  10 trolls
  5 hornets
  22 saltlings (Desolation)
  7 tyrant leeches
  A hornet (shapeshifter) (D:13)
  An alligator simulacrum (IceCv)
  A raiju (Lair:5)
  6 blink frogs
  6 dream sheep (Lair:5)
  9 slime creatures
  A vampire (D:11)
  A water elemental (Elf:2)
  A ynoxinul (Snake:3)
  6 spriggans
  A wyvern (Lair:4)
  2 air elementals
  A human (shapeshifter) (D:15)
  3 wraiths (Orc:1)
  9 yaks
  A steam dragon (Gauntlet)
  A basilisk (Lair:3)
  6 wargs
  4 minotaur simulacra (IceCv)
  2 fire elementals
  4 vampire mosquitoes
  An elf skeleton (Vaults:1)
  3 redbacks
  2 harpy simulacra
  31 nagas
  5 swamp worms
  4 hydra simulacra
  5 water moccasins
  12 hell hounds
  A glowing shapeshifter skeleton (Vaults:1)
  9 orc warriors
  5 swamp drakes
  7 black bears (Lair:5)
  18 ogres
  3 centaurs (D:14)
  14 wolves
  3 human skeletons (Vaults:1)
  3 bullfrogs
  5 deep troll simulacra
  3 elephant simulacra (Lair:5)
  An electric eel (D:13)
  2 orc priests
  2 orc wizards (Orc:2)
  7 hell rats (Lair:5)
  2 shadow imps (Gauntlet)
612 creatures vanquished.

Vanquished Creatures (others)
  An ettin (Orc:1)
  23 orc apostles
  An ogre mage (D:14)
  2 orc high priests (IceCv)
  A deep elf knight (Elf:1)
  An orc knight (IceCv)
  A necromancer (D:15)
  2 trolls
  A bloated husk (Swamp:3)
  A naga (Snake:3)
  A hell hound (Lair:5)
  14 orc warriors
  A boggart (Elf:1)
  3 ogres
  7 orc priests
  2 orc wizards (Orc:2)
  27 orcs
  21 foxfires
  A spectral weapon (Orc:2)
111 creatures vanquished.

Grand Total: 1739 creatures vanquished

Notes
Turn   | Place    | Note
-------+----------+-------------------------------------------
     0 | D:1      | Jannitor the Draconian Hexslinger began the quest for the
                  | Orb.
     0 | D:1      | Reached XP level 1. HP: 16/16 MP: 2/2
   324 | D:1      | Reached XP level 2. HP: 20/23 MP: 3/3
   466 | D:1      | Reached skill level 2 in Fighting
   580 | D:1      | Found a shimmering altar of Xom.
   667 | D:2      | Found a faded altar of an unknown god.
   770 | D:2      | Reached XP level 3. HP: 29/29 MP: 4/4
  1051 | D:2      | Reached skill level 1 in Polearms
  1055 | D:2      | Reached XP level 4. HP: 37/37 MP: 5/5
  2005 | D:3      | Found Plog's Weapon Shoppe.
  2405 | D:4      | Reached XP level 5. HP: 44/44 MP: 6/6
  2409 | D:4      | Noticed Edmund
  2571 | D:3      | Reached skill level 3 in Fighting
  3210 | D:4      | Reached XP level 6. HP: 39/51 MP: 7/7
  3767 | D:5      | Entered Level 5 of the Dungeon
  3881 | D:5      | Found a stormy altar of Qazlal.
  3895 | D:5      | Found a sand-covered staircase.
  3903 | D:5      | Noticed Sigmund
  3905 | Ossuary  | Entered an ossuary
  4080 | Ossuary  | Reached skill level 4 in Fighting
  4112 | Ossuary  | Your scales start taking on a glossy black colour.
  4112 | Ossuary  | Reached XP level 7. HP: 22/59 MP: 8/8
  4112 | Ossuary  | Gained mutation: You are resistant to electric shocks.
                  | (rElec) [Black Draconian growth]
  4856 | D:5      | Reached skill level 5 in Fighting
  4963 | D:5      | Reached XP level 8. HP: 49/68 MP: 9/9
  5176 | D:5      | Noticed Grinder
  5218 | D:5      | Killed Grinder
  5403 | D:5      | Noticed Blork the orc
  5441 | D:5      | You fall into a shaft and drop 3 floors!
  5537 | D:8      | Reached skill level 5 in Ranged Weapons
  5552 | D:7      | Became a worshipper of Beogh the Shepherd
  5759 | D:6      | Reached skill level 5 in Dodging
  5844 | D:6      | Noticed Duvessa
  5845 | D:6      | Noticed Dowan
  5850 | D:6      | Killed Duvessa
  5856 | D:6      | Killed Dowan
  5857 | D:6      | Reached skill level 5 in Polearms
  5939 | D:6      | Reached skill level 6 in Fighting
  5953 | D:6      | Reached skill level 1 in Short Blades
  6222 | D:6      | Identified the +12 whip of Annihilation {venom, rCorr Int+3
                  | Stlth+}
  6552 | D:6      | Noticed Pikel
  6574 | D:6      | Killed Pikel
  6575 | D:6      | Reached skill level 7 in Fighting
  6575 | D:6      | Reached XP level 9. HP: 75/79 MP: 10/10
  6759 | D:6      | Found a staircase to the Ecumenical Temple.
  7248 | D:7      | Reached * piety under Beogh
  7301 | D:7      | Reached skill level 1 in Maces & Flails
  7948 | D:8      | Found an ornate altar of the Wu Jian Council.
  7990 | D:8      | Reached skill level 8 in Fighting
  8364 | D:8      | Found a hide-covered altar of Uskayaw.
  8367 | D:8      | Found a shadowy altar of Dithmenos.
  8367 | D:8      | Found a snail-covered altar of Cheibriados.
  8832 | D:7      | Reached XP level 10. HP: 67/90 MP: 11/11
  9110 | D:8      | Reached skill level 9 in Fighting
  9131 | D:8      | Reached ** piety under Beogh
  9601 | D:8      | Reached skill level 5 in Maces & Flails
  9618 | D:8      | Reached skill level 1 in Invocations
 10361 | D:9      | Found an ancient bone altar of Kikubaaqudgha.
 10375 | D:9      | Found a radiant altar of Vehumet.
 10377 | D:9      | Found a sparkling altar of Nemelex Xobeh.
 10536 | D:9      | Found a bloodstained altar of Trog.
 10631 | D:9      | Found an iron altar of Okawaru.
 10634 | D:9      | Found a glowing silver altar of Zin.
 10637 | D:9      | Found an opulent altar of Gozag.
 10640 | D:9      | Found a glowing golden altar of the Shining One.
 10758 | D:10     | Entered Level 10 of the Dungeon
 10758 | D:10     | Noticed Snorg
 10772 | D:10     | Killed Snorg
 10773 | D:10     | Reached skill level 10 in Fighting
 10929 | D:10     | Noticed Erica
 10934 | D:10     | Noticed an orc knight
 10966 | D:10     | Noticed a gargoyle
 10979 | D:10     | Killed a gargoyle
 11049 | D:10     | Noticed a two-headed ogre
 11059 | D:10     | Killed a two-headed ogre
 11060 | D:10     | Reached XP level 11. HP: 61/100 MP: 12/14
 11185 | D:10     | Identified the +2 robe "Nyd Ituu" {Regen+ SInv}
 11518 | D:10     | Reached *** piety under Beogh
 11573 | D:10     | Anointed Spirok the warrior as your apostle
 11726 | D:10     | Killed Erica
 11741 | D:10     | Killed an orc knight
 11979 | D:10     | Found Delorog's Armour Shoppe.
 11981 | D:10     | Found a staircase to the Orcish Mines.
 11983 | D:10     | Found Juuni's Weapon Shoppe.
 11987 | D:10     | Bought a scarf of repulsion for 132 gold pieces
 11987 | D:10     | Bought a +0 pair of gloves for 49 gold pieces
 12014 | D:10     | Found a broken altar of Ashenzari.
 12044 | D:10     | Noticed a two-headed ogre
 12060 | D:10     | Killed a two-headed ogre
 12061 | D:10     | Reached skill level 5 in Invocations
 12430 | D:11     | Found a staircase to the Lair.
 12435 | D:11     | Noticed an oklob plant
 12448 | D:11     | Killed an oklob plant
 12800 | D:11     | Identified the +1 pair of boots "Zikeasom" {*Corrode rPois
                  | Str+3}
 12905 | D:11     | Noticed Grum
 12914 | D:11     | Reached skill level 11 in Fighting
 12923 | D:11     | Killed Grum
 12931 | D:11     | Identified the +0 dagger "Bifyimo" {speed, Fly rF+}
 12931 | D:11     | Noticed Herok
 12950 | D:11     | Anointed Herok the wizard as your apostle
 13322 | D:11     | Noticed Lodul
 13334 | D:11     | Killed Lodul
 13336 | D:11     | Noticed Sonja
 13338 | D:11     | Killed Sonja
 13671 | D:12     | Noticed a deep elf pyromancer
 13678 | D:12     | Killed a deep elf pyromancer
 13692 | D:12     | Reached XP level 12. HP: 105/110 MP: 9/17
 13936 | D:12     | Noticed a boulder beetle
 13945 | D:12     | Killed a boulder beetle
 14439 | D:12     | Found a transporter.
 14439 | D:12     | Noticed a two-headed ogre
 14440 | D:12     | Found a transporter.
 14440 | D:12     | Noticed grizmgrazm2's ghost (journeyman DrSh)
 14442 | D:12     | Noticed a two-headed ogre
 14443 | D:12     | Noticed a two-headed ogre
 14444 | D:12     | Identified the +4 great mace of Deginoeh {flame, ^Fragile
                  | Will+++ rCorr Int+4}
 14444 | D:12     | Noticed an ettin
 14445 | D:12     | Noticed a two-headed ogre
 14445 | D:12     | Noticed a two-headed ogre
 14728 | Lair:1   | Entered Level 1 of the Lair of Beasts
 14734 | Lair:1   | Reached skill level 10 in Dodging
 14917 | Lair:1   | Found a transporter.
 15202 | Lair:1   | Found a transporter.
 15206 | Lair:1   | Identified a scroll of acquirement
 15213 | Lair:1   | Acquired 651 gold pieces
 15277 | D:10     | Bought the +16 obsidian axe {drain, demonic, Mesm ^Drain
                  | Fly SInv} for 1043 gold pieces
 15277 | D:10     | Found the +16 obsidian axe {drain, demonic, Mesm ^Drain Fly
                  | SInv}
 15282 | D:10     | Bought a +0 buckler for 49 gold pieces
 15525 | Lair:1   | Reached skill level 1 in Axes
 15525 | Lair:1   | Reached skill level 1 in Shields
 15526 | Lair:1   | Reached skill level 12 in Fighting
 16062 | Lair:2   | Reached **** piety under Beogh
 16211 | Lair:2   | Found a staircase to the Snake Pit.
 16310 | Lair:2   | Noticed Marbork
 16317 | Lair:2   | Anointed Marbork the priest as your apostle
 16802 | Lair:2   | You are sucked into a shaft and drop 1 floor!
 17026 | Lair:3   | Reached XP level 13. HP: 106/119 MP: 19/19
 17620 | Lair:3   | Found a staircase to the Swamp.
 17981 | Lair:4   | Your ally Marbork died
 17984 | Lair:4   | Reached skill level 13 in Fighting
 17989 | Lair:4   | Reached skill level 5 in Axes
 17989 | Lair:4   | Reached skill level 5 in Shields
 17996 | Lair:4   | Reached ***** piety under Beogh
 18803 | Lair:5   | Entered Level 5 of the Lair of Beasts
 18999 | Lair:5   | Reached skill level 10 in Invocations
 19228 | Lair:5   | Gained mutation: Your large and strong wings let you fly.
                  | [Black Draconian growth]
 19228 | Lair:5   | Reached XP level 14. HP: 87/127 MP: 21/21
 19241 | Lair:5   | Your ally Herok died
 19245 | Lair:5   | Anointed Rocco the priest as your apostle
 19536 | Lair:5   | Found a staircase to the Slime Pits.
 19542 | Lair:5   | Found a viscous altar of Jiyva.
 19684 | Lair:5   | Reached skill level 1 in Evocations
 19690 | Lair:5   | Reached ****** piety under Beogh
 19994 | Lair:5   | Learned a level 3 spell: Fugue of the Fallen
 20010 | Lair:5   | Reached skill level 14 in Fighting
 20011 | Lair:5   | Reached skill level 1 in Shapeshifting
 20635 | Lair:5   | Identified the +1 short sword "Xexzir" {flame, Str+4 Int+3}
 20844 | Orc:1    | Entered Level 1 of the Orcish Mines
 21115 | Orc:1    | Noticed an orc warlord
 21126 | Orc:1    | Pacified an orc warlord
 21502 | Orc:1    | Noticed mn3067's ghost (journeyman DrFi)
 21508 | Orc:1    | Found a transporter.
 21540 | Orc:1    | Found a transporter.
 21550 | Orc:1    | Noticed Josephine
 21558 | Orc:1    | Killed Josephine
 21956 | Orc:1    | Killed mn3067's ghost
 22127 | Orc:1    | Identified the +2 war axe of Ravage {spect, Str+2 Dex+4}
 22139 | Orc:1    | Anointed Hilgar the warrior as your apostle
 22231 | Orc:2    | Entered Level 2 of the Orcish Mines
 22589 | Orc:2    | Noticed an orc warlord
 22602 | Orc:2    | Killed an orc warlord
 22613 | Orc:2    | Noticed an orc warlord
 22618 | Orc:2    | Found Ompauvyiwn's Assorted Antiques.
 22618 | Orc:2    | Found Cagi's Distillery.
 22618 | Orc:2    | Found Ziwalo's Antique Weapon Emporium.
 22651 | Orc:2    | Reached skill level 5 in Shapeshifting
 22952 | Orc:2    | Found a radiant altar of Vehumet.
 23266 | Orc:2    | Noticed Azrael
 23279 | Orc:2    | Killed Azrael
 23298 | Orc:2    | Found a staircase to the Elven Halls.
 23302 | Orc:2    | Reached XP level 15. HP: 72/138 MP: 14/23
 23543 | Orc:2    | Found Zojuvon's Antique Weapon Boutique.
 23588 | Orc:2    | Bought a potion of curing for 39 gold pieces
 23588 | Orc:2    | Bought a potion of mutation for 104 gold pieces
 23588 | Orc:2    | Bought a potion of might for 52 gold pieces
 23588 | Orc:2    | Bought a potion of curing for 39 gold pieces
 23588 | Orc:2    | Bought 2 potions of curing for 78 gold pieces
 23588 | Orc:2    | Bought a potion of ambrosia for 104 gold pieces
 23598 | Orc:2    | Bought a brass ring for 110 gold pieces
 23598 | Orc:2    | Bought a scroll of teleportation for 66 gold pieces
 23603 | Orc:2    | Bought a glowing broad axe for 133 gold pieces
 23929 | D:13     | Noticed Jorgrun
 23933 | D:13     | Killed Jorgrun
 23933 | D:13     | Noticed Erolcha
 23941 | D:13     | Killed Erolcha
 24184 | D:13     | Found a gate leading to a gauntlet.
 24191 | Gauntlet | Entered a Gauntlet
 24191 | Gauntlet | Found a transporter.
 24191 | Gauntlet | Found a transporter.
 24424 | Gauntlet | Found a transporter.
 24424 | Gauntlet | Found a transporter.
 24434 | Gauntlet | Found a transporter.
 24436 | Gauntlet | Found a transporter.
 24446 | Gauntlet | Found a transporter.
 24466 | Gauntlet | Found a transporter.
 24481 | Gauntlet | Found a transporter.
 24484 | Gauntlet | Found a transporter.
 24492 | Gauntlet | Found a transporter.
 24495 | Gauntlet | Found a transporter.
 24605 | Gauntlet | Identified the ring of Luobres {Fire Will+ rCorr Int-4
                  | Dex+3}
 24732 | Gauntlet | Identified the +0 pair of gloves "Amaocheu" {Regen+ Int+5}
 24761 | Gauntlet | Learned a level 4 spell: Anguish
 24792 | Gauntlet | Identified the ring of Jael {rElec rC+ rCorr Str-4 Slay-3}
 24918 | D:13     | Reached skill level 1 in Necromancy
 24928 | D:13     | Found a transporter.
 25104 | D:13     | Reached skill level 10 in Shapeshifting
 25104 | D:13     | Found Lokiodwo's Antique Armour Emporium.
 25108 | D:13     | Bought a shimmering cloak for 389 gold pieces
 25108 | D:13     | Identified the +1 cloak "Ofivigg" {Str+2 Stlth+} (You
                  | bought it in a shop on level 13 of the Dungeon)
 25156 | D:13     | Found a transporter.
 25159 | D:13     | Noticed Mousus6's ghost (adept DjHW)
 25232 | D:13     | Found an ornate altar of the Wu Jian Council.
 25588 | D:14     | Identified the +1 long sword "Waor" {venom, +Blink Dex+3}
 25599 | D:14     | Anointed Marbaugh the warrior as your apostle
 25730 | D:14     | Identified the +2 flail of Lostoenk {venom, rF++ Str-3}
 26314 | D:14     | Your ally Rocco died
 26329 | D:14     | Found a gate to the Vaults.
 26465 | D:15     | Entered Level 15 of the Dungeon
 27138 | D:15     | Reached XP level 16. HP: 145/147 MP: 24/24
 27145 | D:15     | Found a staircase to the Depths.
 27347 | D:15     | Learned a level 4 spell: Cause Fear
 27498 | Swamp:1  | Entered Level 1 of the Swamp
 28091 | Swamp:2  | Found a glacial archway.
 28146 | IceCv    | Entered an ice cave
 28251 | IceCv    | Your ally Hilgar died
 28753 | IceCv    | Your ally Hilgar died
 28978 | IceCv    | Reached skill level 15 in Fighting
 29127 | IceCv    | Your ally Rocco died
 29223 | IceCv    | Your ally Marbaugh died
 29652 | Swamp:2  | Anointed Orik the priest as your apostle
 30318 | Swamp:2  | Upgraded the game from 0.32-a0-660-g97ce250973 to
                  | 0.32-a0-672-gff75c0dad8
 30574 | Swamp:3  | Noticed a thorn hunter
 30585 | Swamp:3  | Killed a thorn hunter
 30999 | Swamp:3  | Paralysed by a fenstrider witch for 2 turns
 31087 | Swamp:3  | Your ally Orik died
 31094 | Swamp:3  | Your ally Marbaugh died
 31116 | Swamp:3  | Reached skill level 5 in Necromancy
 31576 | Swamp:3  | Noticed a tentacled monstrosity
 31584 | Swamp:3  | Reached XP level 17. HP: 56/156 MP: 21/25
 31586 | Swamp:3  | Killed a tentacled monstrosity
 31598 | Swamp:3  | Your ally Rocco died
 32862 | Swamp:3  | Paralysed by a fenstrider witch for 2 turns
 33117 | Swamp:4  | Entered Level 4 of the Swamp
 33147 | Swamp:4  | Noticed Mara
 33154 | Swamp:4  | Killed Mara
 33155 | Swamp:4  | Reached skill level 5 in Hexes
 33330 | Swamp:4  | Your ally Orik died
 33497 | Swamp:3  | Anointed Arbolt the warrior as your apostle
 34058 | Swamp:4  | Noticed Mlioglotl
 34067 | Swamp:4  | Killed Mlioglotl
 34602 | Swamp:4  | Noticed Roxanne
 34613 | Swamp:4  | Killed Roxanne
 34737 | Swamp:4  | Identified the +3 mace "Vyilogiv" {speed, ^Fragile rPois
                  | Str+4}
 35059 | Swamp:4  | Your ally Marbaugh died
 35338 | Swamp:4  | Noticed the 27-headed Lernaean hydra
 35347 | Swamp:4  | Your ally Orik died
 35801 | Swamp:4  | Killed the 23-headed Lernaean hydra
 36006 | Swamp:4  | Got a decaying rune of Zot
 36279 | Snake:1  | Entered Level 1 of the Snake Pit
 36334 | Snake:1  | Reached skill level 10 in Axes
 36813 | Snake:1  | Found Ressam's Magic Scroll Boutique.
 36821 | Snake:1  | Bought a scroll of summoning for 171 gold pieces
 36821 | Snake:1  | Bought a scroll of teleportation for 54 gold pieces
 36821 | Snake:1  | Bought a scroll of blinking for 135 gold pieces
 36821 | Snake:1  | Bought a scroll of teleportation for 54 gold pieces
 36889 | Snake:1  | Found Tifecvo's Magic Scroll Shop.
 36889 | Snake:1  | Found Siup's Distillery.
 36893 | Snake:1  | Found Anteixt's General Store.
 36897 | Snake:1  | Bought a scroll of fear for 76 gold pieces
 36897 | Snake:1  | Bought a scroll of fog for 76 gold pieces
 36897 | Snake:1  | Bought a scroll of blinking for 142 gold pieces
 36897 | Snake:1  | Bought a scroll of teleportation for 57 gold pieces
 36899 | Snake:1  | Bought a potion of heal wounds for 80 gold pieces
 36899 | Snake:1  | Bought 2 potions of haste for 320 gold pieces
 36899 | Snake:1  | Bought a potion of berserk rage for 80 gold pieces
 36899 | Snake:1  | Bought a potion of haste for 160 gold pieces
 36899 | Snake:1  | Bought a potion of berserk rage for 80 gold pieces
 36912 | Snake:1  | Identified the serpent talisman of Integrity {Int+4}
 36912 | Snake:1  | Noticed Aizul
 36922 | Snake:1  | Killed Aizul
 36923 | Snake:1  | Reached skill level 5 in Spellcasting
 36937 | Snake:1  | Reached XP level 18. HP: 92/166 MP: 24/26
 37554 | Snake:2  | Noticed Louise
 37560 | Snake:2  | Killed Louise
 37808 | Snake:2  | Reached skill level 16 in Fighting
 38659 | Snake:2  | Reached skill level 10 in Shields
 38744 | Snake:2  | Identified the +10 war axe of Efreagy {antimagic, rPois rF-
                  | Will- Str+6}
 38760 | Snake:2  | Anointed Garbold the warrior as your apostle
 38930 | Snake:2  | Noticed Donald
 38943 | Snake:2  | Killed Donald
 39209 | Snake:3  | HP: 7/166 [salamander/+0 spear (13)]
 39211 | Snake:3  | Reached skill level 5 in Evocations
 39772 | Snake:3  | Noticed Nikola
 39779 | Snake:3  | Killed Nikola
 39779 | Snake:3  | Noticed Vashnia
 39780 | Snake:3  | Your ally Arbolt died
 39784 | Snake:3  | Killed Vashnia
 39785 | Snake:3  | Your ally Garbold died
 40374 | Snake:4  | Entered Level 4 of the Snake Pit
 40391 | Snake:4  | Your ally Orik died
 40580 | Snake:4  | Reached XP level 19. HP: 49/174 MP: 27/29
 40826 | Snake:4  | Your ally Orik died
 41320 | Snake:4  | Found Aravona's Vocational Training.
 41671 | Snake:4  | Got a serpentine rune of Zot
 41797 | Snake:3  | Identified the +1 dagger of Equilibrium {freeze, rC+ rCorr
                  | Dex+3}
 41808 | Snake:3  | Your ally Arbolt died
 41815 | Snake:3  | Anointed Marbork the wizard as your apostle
 42100 | Vaults:1 | Entered Level 1 of the Vaults
 42240 | Vaults:1 | Found Syfyt's Distillery.
 42295 | Vaults:1 | Bought a potion of curing for 63 gold pieces
 42295 | Vaults:1 | Bought a potion of curing for 63 gold pieces
 42295 | Vaults:1 | Bought a potion of haste for 210 gold pieces
 42295 | Vaults:1 | Bought a potion of curing for 63 gold pieces
 42378 | Vaults:1 | Reached skill level 17 in Fighting
 42382 | Vaults:1 | Identified the staff of Conflict {rPois rC+ rN+ Int-5 Earth
                  | Alchemy}
 42758 | Vaults:1 | Identified the -1 pair of gloves "Nuohaykaupt" {Int+4
                  | Dex+5}
 43381 | Vaults:2 | Found a flickering gateway to a bazaar.
 43412 | Bazaar   | Entered a bazaar
 43412 | Bazaar   | Found Bavaxt's Weapon Boutique.
 43412 | Bazaar   | Found Jimudiky's Weapon Boutique.
 43426 | Bazaar   | Found Mampitej's Weapon Emporium.
 43478 | Bazaar   | Found Wiycsaff's Book Shoppe.
 43670 | Vaults:2 | Paralysed by a formless jellyfish for 1 turns
 43745 | Vaults:2 | Found a staircase to the Crypt.
 43745 | Vaults:2 | Found a basalt altar of Yredelemnul.
 43746 | Vaults:2 | Found an ancient bone altar of Kikubaaqudgha.
 44204 | Vaults:2 | Your ally Marbork died
 44300 | Vaults:2 | Your ally Garbold died
 44344 | Vaults:2 | Identified the +6 dagger "Somev" {protect, *Rage rElec rN+
                  | rCorr}
 44354 | Vaults:2 | Your ally Orik died
 44364 | Vaults:2 | Anointed Wargath the wizard as your apostle
 44373 | Vaults:2 | Reached XP level 20. HP: 82/164 MP: 32/32
 44393 | Vaults:2 | Noticed a golden dragon
 44402 | Vaults:2 | Killed a golden dragon
 45185 | Vaults:3 | Found Dob Gyr's Jewellery Shop.
 45879 | Vaults:3 | Reached skill level 15 in Dodging
 47753 | Vaults:4 | Reached skill level 18 in Fighting
 47977 | Vaults:4 | Anointed Rocco the warrior as your apostle
 48153 | Vaults:4 | Found Hiliugh's General Store.
 48290 | Vaults:4 | Bought a scroll of teleportation for 57 gold pieces
 48310 | Vaults:4 | Reached XP level 21. HP: 194/194 MP: 33/33
 48801 | Vaults:4 | Identified the +3 robe of Yruwkeri {Harm rPois rF-
                  | Archmagi}
 48801 | Vaults:4 | Noticed Boris
 48814 | Vaults:4 | Killed Boris
 49335 | Snake:4  | Bought a manual of Invocations for 1120 gold pieces
 49590 | Elf:1    | Entered Level 1 of the Elven Halls
 49694 | Elf:1    | Reached skill level 15 in Shapeshifting
 50630 | Elf:2    | Found a crumbling gateway.
 50651 | Desolati | Entered the Desolation of Salt
 50732 | Desolati | Reached skill level 10 in Evocations
 51155 | Desolati | Identified the amulet of Osedohog {Reflect rElec Will-
                  | Str+8 SH+5 SInv}
 51404 | Desolati | Identified the +5 short sword of the Fox {drain, rF+ Str+5
                  | Stlth+}
 51407 | Desolati | Identified the ring "Riul" {Fly Will+ rCorr MP+9}
 51416 | Desolati | Identified the ring of Poafem {Wiz Str+3 Int+3 Stlth+}
 51420 | Desolati | Got the Vellum of the Glacier and the Mesa
 51422 | Desolati | Identified the +1 chain mail of Objectivity {rPois rC+
                  | Slay+2}
 51559 | Desolati | Got Naidghim's Vellum of the Mortal Birds
 51802 | Desolati | Identified the +0 plate armour "Hiameatu" {Int+6}
 51803 | Desolati | Identified the ring of the Skiapode {rF+ rCorr Int-3 Dex+4
                  | SInv}
 52022 | Elf:2    | Found a runed translucent gate.
 52022 | Elf:2    | Found a runed translucent gate.
 52022 | Elf:2    | Found a runed translucent gate.
 52405 | Elf:2    | Found Cuocs's Armour Shop.
 53147 | Elf:2    | Reached XP level 22. HP: 184/204 MP: 34/34
 53153 | Elf:2    | Your ally Garbold died
 53157 | Elf:2    | Your ally Rocco died
 53580 | Elf:3    | Entered Level 3 of the Elven Halls
 53796 | Elf:3    | Reached skill level 19 in Fighting
 53868 | Elf:3    | Identified the +5 dagger of Luykanet {flame, *Rage Dex+4}
 53871 | Elf:3    | Your ally Wargath died
 53885 | Elf:3    | HP: 6/285 [balrug/+1 demon whip of electrocution[Koronagh
                  | the orc apostle] (25)]
 53887 | Elf:3    | Slain by a balrug

Illustrated notes

Levels and vault maps discovered:
D:1:      dpeg_arrival_lava_altar, layout_loops_cross, minmay_tetromino_t2
D:2:      layout_basic, shapermc_ecumenical_altar_mp_highgroup
D:3:      layout_basic, serial_shops, shop, serial_bayou_lagoon_a,
          skrybe_limestone_x, dk_noncrumbling_3
D:4:      layout_basic, uniq_edmund
D:5:      layout_basic, lemuel_round_altar, nicolae_ossuary_entry_ruins,
          uniq_blork_the_orc, uniq_grinder, uniq_sigmund
D:6:      minmay_angry_zag, layout_loops_corners, lemuel_temple_firewalk_b,
          dreamdust_wishing_well, grunt_decor_junction, uniq_duvessa, uniq_pikel
D:7:      layout_basic
D:8:      layout_basic, mainiacjoe_overflow_alcove_4,
          chequers_temple_overflow_statue_of_worship, grunt_ministairs_10
D:9:      layout_cave_pools, mainiacjoe_overflow_cross_hatched,
          grunt_temple_overflow_open, grunt_temple_overflow_cloverleaf
D:10:     layout_basic, lemuel_doored_altar, orc_david_3,
          eino_small_chamber_without_monster, uniq_erica, uniq_snorg
D:11:     layout_loops_ring, dpeg_oklobed_lair, nrook_campfire, uniq_sonja,
          uniq_lodul, uniq_grum
D:12:     layout_cave_pods, gammafunk_ghost_smash, kennysheep_windowed_goal
D:13:     layout_basic, gammafunk_ghost_berserking_beasts, serial_shops, shop,
          gauntlet_entry_generic, pdpol_wu_jian_five_deadly_venoms,
          uniq_erolcha, uniq_jorgrun
D:14:     layout_roguey, david_vaults_5, chequers_serial_rivers_large_b,
          kennysheep_big_empty_room
D:15:     grunt_enter_depths_magical_seal, layout_loops_corners,
          hangedman_abyss_or_decor_lesser_grid
Lair:1:   gammafunk_cloud_chamber, layout_hall_layers
Lair:2:   layout_chaotic_city, nicolae_snake_entry_warm_welcome
Lair:3:   layout_chaotic_city, mainiacjoe_swamp_entry_lozenge_pond,
          infiniplex_staircase_pool_2
Lair:4:   layout_hall_layers
Lair:5:   hangedman_lair_caniforms_friends, layout_concentric_octagons,
          dpeg_slime_entry_corner, eino_house_with_fridge, grunt_megastairs_3
Swamp:1:  layout_falls_marsh, evilmike_swamp_ruin_house_5,
          infiniplex_staircase_pool
Swamp:2:  layout_basic_swamp, portal_ice_cave_entry_ice_simulacra,
          evilmike_swamp_ruin_rubble_1, swamp_pool_4, nicolae_swamp_oxbows,
          nicolae_swamp_fairy_circle
Swamp:3:  nzn_winding_woodlands_medium [nzn_winding_woodlands_5x5_checkerboard,
          nzn_winding_woodlands_5x15_pockets, nzn_winding_woodlands_5x5_three,
          nzn_winding_woodlands_5x5_default, nzn_winding_woodlands_center_lodge,
          nzn_winding_woodlands_5x5_perimeter,
          nzn_winding_woodlands_5x5_default, nzn_winding_woodlands_5x15_eye,
          nzn_winding_woodlands_5x5_closed_star], layout_basic_swamp,
          evilmike_swamp_ruin_house_1, nicolae_swamp_decorative_isthmus
Swamp:4:  swamp_old_school, layout_basic_swamp, uniq_roxanne, uniq_mara,
          uniq_mlioglotl
Snake:1:  layout_onion, serial_shops, shop, minmay_shop_star,
          serial_bayou_shore_b, uniq_aizul
Snake:2:  layout_grid_maze, uniq_louise, uniq_donald
Snake:3:  layout_rooms, grunt_megastairs_2, uniq_vashnia, uniq_nikola
Snake:4:  minmay_snake_end_coiled, layout_cave_town, nicolae_shop_vocational
Orc:1:    layout_caves, gammafunk_ghost_arena, nicolae_orc_crystal_geode,
          uniq_josephine
Orc:2:    st_orc_open, layout_diamond_mine, basic_altar, minmay_orc_treasury,
          uniq_azrael
Elf:1:    nicolae_elf_arrival_aired_out, layout_loops_cross,
          hangedman_elf_disciples
Elf:2:    nicolae_elf_blades_splatter_lattice
          [nicolae_blade_entry_hurt_lockers], layout_loops_ring, serial_shops,
          nicolae_shop_hallway_plus, portal_desolation_entry_ruin, st_stairs_5
Elf:3:    elf_hall, layout_geoelf_castle, serial_shops, shop
Vaults:1: nicolae_vaults_tetromino_Z_2, nicolae_vaults_murder_corner,
          nicolae_vaults_shelves_hall, nicolae_vaults_trapezoid_3,
          nicolae_vaults_more_shelving_2, v_misc_18,
          ontoclasm_vaults_ring_small, ontoclasm_vaults_ligature,
          nicolae_vaults_ninety_degrees, nicolae_vaults_surprise_closet,
          layout_vaults_chaotic_city, serial_shops, shop
Vaults:2: minmay_crypt_entry_necro_gods, v_misc_18, nicolae_vaults_puzzle_piece,
          nicolae_vaults_branching_niches, vaults_room_ringed_pool,
          nicolae_vaults_lightning_bolt, v_pattern_5, v_misc_18, v_misc_12,
          v_misc_3, nicolae_vaults_diamond_1, ontoclasm_vaults_decontamination,
          layout_vaults_big_cross, serial_shops, bzr_entry_water
Vaults:3: ontoclasm_vaults_misaligned, nicolae_vaults_mitosis,
          nicolae_vaults_prndl, nicolae_vaults_little_squares_6,
          hangedman_vaults_stagger, nicolae_vaults_closet_pinwheel_4,
          nicolae_vaults_mini_display_case, vaults_room_corners,
          layout_vaults_omnigrid, serial_shops, nicolae_shop_tiny_waterfront
Vaults:4: nicolae_vaults_closet_pinwheel_4, nicolae_vaults_closet_pinwheel_3,
          regret_index_early_branch_jog, nicolae_vaults_triangles,
          nicolae_vaults_house_3, v_misc_8, ontoclasm_vaults_loading_screen,
          hangedman_vaults_stream, nicolae_vaults_sesquioval_fish,
          nicolae_vaults_house_3, ontoclasm_vaults_claustrophobia,
          ontoclasm_vaults_twist, nicolae_vaults_tangram_1,
          nicolae_vaults_storage_room_glass,
          hangedman_vaults_stretched_pinwheel, nicolae_vaults_house_1,
          layout_vaults_omnibox, uniq_boris

Skill      XL: |  1  2  3  4  5  6  7  8  9 10 11 12 13 14 15 16 17 18 19 20 21 22 |
---------------+-------------------------------------------------------------------+-----
Ranged Weapons | 2 3 4 5 |  5.2
Dodging        | 2 3 4 6 7 8 9 10 11 12 13 14 15 16 | 16.0
Fighting       | 2 3 4 5 7 8 10 11 12 13 14 15 16 17 18 19 | 19.0
Polearms       | 1 2 3 4 5 |  5.0
Short Blades   | 3 |  3.2
Maces & Flails | 3 6 8 |  8.6
Invocations    | 4 6 8 10 11 13 | 13.6
Axes           | 3 6 7 8 9 10 11 12 13 14 | 14.0
Shields        | 3 6 7 8 9 10 11 12 13 | 13.6
Evocations     | 1 3 6 7 9 10 | 10.7
Shapeshifting  | 7 10 11 12 13 14 15 | 15.5
Necromancy     | 3 5 6 |  6.5
Hexes          | 4 5 |  5.8
Spellcasting   | 3 5 6 8 |  8.8
Fire Magic     | |  1.0

Action                     |  1- 3 |  4- 6 |  7- 9 | 10-12 | 13-15 | 16-18 | 19-21 | 22-24 || total
---------------------------+-------+-------+-------+-------+-------+-------+-------+-------++-------
  Melee: Spear             |       |       |    34 |       |       |       |       |       ||    34
         Tailslap          |       |       |    31 |    70 |    94 |   174 |   244 |    10 ||   623
         Dagger            |       |       |    39 |       |       |       |       |       ||    39
         Whip              |       |       |   177 |   370 |       |       |       |       ||   547
         Broad axe         |       |       |       |    88 |   485 |   899 |  1038 |    70 ||  2580
         Maw               |       |       |       |       |    55 |   382 |   444 |    23 ||   904
         Unarmed           |       |       |       |       |       |       |     2 |       ||     2
   Fire: Sling             |    53 |   245 |   151 |       |       |       |       |       ||   449
 Invoke: Convert to Beogh  |       |       |     1 |       |       |       |       |       ||     1
         Smiting           |       |       |       |     9 |    41 |    56 |     5 |     7 ||   118
         Recall Apostles   |       |       |       |     5 |    10 |    16 |     9 |     2 ||    42
         Recruit Apostle   |       |       |       |     3 |     3 |     3 |     3 |       ||    12
         Dismiss Apostle   |       |       |       |       |     3 |     3 |     3 |       ||     9
         Blood for Blood   |       |       |       |       |       |     2 |       |       ||     2
Ability: Galvanic Breath   |       |       |     2 |     1 |       |     2 |       |       ||     5
  Evoke: Wand              |       |       |       |    10 |     1 |     4 |       |       ||    15
         Sack of spiders   |       |       |       |       |       |     1 |       |       ||     1
    Use: Scroll            |     1 |     5 |     7 |    11 |    11 |    28 |     7 |     1 ||    71
         Potion            |     1 |     2 |     6 |     6 |     9 |    27 |     1 |     4 ||    56
   Stab: Sleeping          |       |       |     2 |     2 |     5 |    12 |    10 |     1 ||    32
         Distracted        |       |       |     2 |     8 |    21 |    33 |    26 |     3 ||    93
         Invisible         |       |       |       |     1 |       |     2 |       |       ||     3
         Petrifying        |       |       |       |       |       |       |     8 |       ||     8
         Petrified         |       |       |       |       |       |       |     6 |       ||     6
         Confused          |       |       |       |       |       |       |     4 |       ||     4
         Fleeing           |       |       |       |       |       |       |     1 |       ||     1
 Armour: Skin              |    19 |   121 |   233 |   252 |   334 |   698 |   488 |    45 ||  2190
  Dodge: Dodged            |    25 |   122 |   275 |   308 |   402 |   833 |   675 |    23 ||  2663
         Repelled          |       |       |       |    13 |    24 |       |       |       ||    37
  Block: Buckler           |       |       |       |    33 |   165 |   347 |       |       ||   545
         Kite shield       |       |       |       |       |       |   221 |   758 |    45 ||  1024
         Tower shield      |       |       |       |       |       |    10 |       |       ||    10
   Form: Maw               |       |       |       |       |     1 |       |       |       ||     1

Table legend: (Time is in decaauts)
 A = Elapsed time spent in this place.
 B = Non-inter-level travel time spent in this place.
 C = Inter-level travel time spent in this place.
 D = Time resting spent in this place.
 E = Time spent auto-exploring this place.
 F = Levels seen in this place.
 G = Mean time per level.
                   A        B        C        D        E       F      G
               +--------+--------+--------+--------+--------+-----+--------+
         Total |  54085 |  51672 |   2413 |  13915 |  28297 |  42 | 1287.7 |
       Dungeon |  17778 |  16753 |   1025 |   3510 |  10614 |  15 | 1185.2 |
          Lair |   6494 |   6002 |    492 |   1257 |   3780 |   5 | 1298.8 |
         Swamp |   7195 |   7015 |    180 |   3451 |   2378 |   4 | 1798.8 |
     Snake Pit |   5786 |   5524 |    262 |   1526 |   2944 |   4 | 1446.5 |
  Orcish Mines |   2890 |   2738 |    152 |    860 |   1385 |   2 | 1445.0 |
   Elven Halls |   3058 |   2977 |     81 |    804 |   1507 |   3 | 1019.3 |
        Vaults |   6922 |   6703 |    219 |    831 |   4593 |   4 | 1730.5 |
        Bazaar |    100 |    100 |      0 |      0 |     91 |   1 |  100.0 |
       Ossuary |    528 |    528 |      0 |    326 |     64 |   1 |  528.0 |
      Ice Cave |   1469 |   1469 |      0 |    667 |    426 |   1 | 1469.0 |
    Desolation |   1227 |   1227 |      0 |    489 |    279 |   1 | 1227.0 |
      Gauntlet |    633 |    633 |      0 |    190 |    235 |   1 |  633.0 |
               +--------+--------+--------+--------+--------+-----+--------+

Top non-repeatable levels by time:
 Swamp:3: 3128 daAuts
Vaults:4: 2185 daAuts
 Swamp:4: 2011 daAuts
  Lair:5: 1957 daAuts
 Snake:2: 1839 daAuts
Vaults:3: 1816 daAuts
     D:8: 1781 daAuts
   Elf:2: 1719 daAuts
    D:10: 1672 daAuts
   Orc:1: 1649 daAuts
Vaults:2: 1630 daAuts
    D:11: 1573 daAuts
 Swamp:2: 1571 daAuts
     D:7: 1519 daAuts
   IceCv: 1469 daAuts
